Workbook
Name \0: #REF!
Name \00: #REF!
Name \a: #REF!
Name \AA: [1]LIQUIDACION!#REF!
Name \b: [2]STRSUMM0!#REF!
Name \bb: [2]STRSUMM0!#REF!
Name \E: #REF!
Name \EE: #REF!
Name \G: #REF!
Name \k: '[3]7422CW00'!#REF!
Name \l: [4]STRSUMM0!#REF!
Name \M: #REF!
Name \ñ: '[5]7422CW00'!#REF!
Name \P: #REF!
Name \R: #REF!
Name \s: #REF!
Name \V: #REF!
Name \X: [0]!ERR
Name \Z: [0]!ERR
Name _________AFC1: [6]INV!$A$25:$D$28
Name _________AFC3: [6]INV!$F$25:$I$28
Name _________AFC5: [6]INV!$K$25:$N$28
Name _________BGC1: [6]INV!$A$5:$D$8
Name _________BGC3: [6]INV!$F$5:$I$8
Name _________BGC5: [6]INV!$K$5:$N$8
Name _________CAC1: [6]INV!$A$19:$D$22
Name _________CAC3: [6]INV!$F$19:$I$22
Name _________CAC5: [6]INV!$K$19:$N$22
Name _________PJ50: #REF!
Name _________SBC1: [6]INV!$A$12:$D$15
Name _________SBC3: [6]INV!$F$12:$I$15
Name _________SBC5: [6]INV!$K$12:$N$15
Name ________AFC1: [6]INV!$A$25:$D$28
Name ________AFC3: [6]INV!$F$25:$I$28
Name ________AFC5: [6]INV!$K$25:$N$28
Name ________BGC1: [6]INV!$A$5:$D$8
Name ________BGC3: [6]INV!$F$5:$I$8
Name ________BGC5: [6]INV!$K$5:$N$8
Name ________CAC1: [6]INV!$A$19:$D$22
Name ________CAC3: [6]INV!$F$19:$I$22
Name ________CAC5: [6]INV!$K$19:$N$22
Name ________MA2: #REF!
Name ________PJ50: #REF!
Name ________SBC1: [6]INV!$A$12:$D$15
Name ________SBC3: [6]INV!$F$12:$I$15
Name ________SBC5: [6]INV!$K$12:$N$15
Name _______AFC1: [6]INV!$A$25:$D$28
Name _______AFC3: [6]INV!$F$25:$I$28
Name _______AFC5: [6]INV!$K$25:$N$28
Name _______BGC1: [6]INV!$A$5:$D$8
Name _______BGC3: [6]INV!$F$5:$I$8
Name _______BGC5: [6]INV!$K$5:$N$8
Name _______CAC1: [6]INV!$A$19:$D$22
Name _______CAC3: [6]INV!$F$19:$I$22
Name _______CAC5: [6]INV!$K$19:$N$22
Name _______MA2: #REF!
Name _______PJ50: #REF!
Name _______SBC1: [6]INV!$A$12:$D$15
Name _______SBC3: [6]INV!$F$12:$I$15
Name _______SBC5: [6]INV!$K$12:$N$15

Sheet PRESUPUESTO OFICIAL (Entidad)
C7: FORMULARIO 1
C8: PRESUPUESTO OFICIAL
C9: [La entidad puede utilizar este formulario de detalle del presupuesto oficial para determinar las condiciones bajo las cuales los proponentes analizarán y presentarán su propuesta económica de forma detallada, sin perjuicio que la entidad pueda modificarlo o establecer la presentación de la oferta económica con un formulario distinto al indicado.]
C11: Adicionalmente, cuando el proceso de contratación es estructurado por precios unitarios, la Entidad debe aplicar las notas 1, 2 y 3 del presente formulario y las casillas de "Descripción", "Porcentaje" de la Administración, Imprevisto, Utilidad y total A.I.U. resaltadas en colo amarillo. Tratándose de otras modalidades de precio, la Entidad puede o no configurar los mismos aspectos.
C12: Nº | D12: ITEM DE PAGO | E12: DESCRIPCION | F12: UND. | G12: CANTIDAD | H12: VALOR UNITARIO | I12: VALOR TOTAL
C14: 1 | D14: PRELIMINARES | H14: Subtotal | I14: =SUM(I15:I17) -> 4007231.9
D15: 1.01 | E15: Desmonte de cubierta de barro existente (incluye retiro de sobrantes) | F15: M2 | G15: =+'MEMORIAS DE CALCULO'!J15 -> 24 | H15: =+'INDICAR CÓDIGO DEL ITEM DE PAGO'!O66 -> 49428.36 | I15: =+H15*G15 -> 1186280.6
D16: 1.02 | E16: Desmonte de estructura de cubierta en caña brava y madera rolliza (incluye retiro de sobrantes) | F16: M2 | G16: =+'MEMORIAS DE CALCULO'!J21 -> 24 | H16: =+'INDICAR CÓDIGO DEL ITEM DE PAGO'!O144 -> 69678.36 | I16: =+H16*G16 -> 1672280.6
D17: 1.03 | E17: Desinstalación de acometida eléctrica, conducción existente y desconexión de conectores (incluye retiro de sobrantes) | F17: ML | G17: =+'MEMORIAS DE CALCULO'!J27 -> 60 | H17: =+'INDICAR CÓDIGO DEL ITEM DE PAGO'!O222 -> 19144.51 | I17: =+H17*G17 -> 1148670.6
C18: 2 | D18: OBRA CIVIL | H18: Subtotal | I18: =SUM(I19:I29) -> 37383797
D19: 2.01 | E19: Suministro e instalación de estructura de cubierta en caña brava y madera rolliza | F19: M2 | G19: =+'MEMORIAS DE CALCULO'!J33 -> 24 | H19: =+'INDICAR CÓDIGO DEL ITEM DE PAGO'!O303 -> 422635.74 | I19: =+H19*G19 -> 10143258
D20: 2.02 | E20: Suministro e instalación de cubierta de teja de barro | F20: M2 | G20: =+'MEMORIAS DE CALCULO'!J39 -> 24 | H20: =+'INDICAR CÓDIGO DEL ITEM DE PAGO'!O381 -> 188189.19 | I20: =+H20*G20 -> 4516540.6
D21: 2.03 | E21: Mantenimiento de cubierta de madera rolliza, caña y teja de barro | F21: UND | G21: =+'MEMORIAS DE CALCULO'!J45 -> 50 | H21: =+'INDICAR CÓDIGO DEL ITEM DE PAGO'!O460 -> 92881.89 | I21: =+H21*G21 -> 4644094.5
D22: 2.04 | E22: Relleno y resane de muros en concreto dilatados | F22: ML | G22: =+'MEMORIAS DE CALCULO'!J49 -> 12 | H22: =+'INDICAR CÓDIGO DEL ITEM DE PAGO'!O538 -> 91729.8 | I22: =+H22*G22 -> 1100757.6
D23: 2.05 | E23: Pintura vinilo blanco tipo 1 a dos manos - Pañete de techo | F23: M2 | G23: =+'MEMORIAS DE CALCULO'!J54 -> 24 | H23: =+'INDICAR CÓDIGO DEL ITEM DE PAGO'!O616 -> 39220.95 | I23: =+H23*G23 -> 941302.8
D24: 2.06 | E24: Suministro e instalación de canal en lámina galvanizada cal.20. Incluye soportes de fijación y desagüe, pintura color verde | F24: ML | G24: =+'MEMORIAS DE CALCULO'!J60 -> 6 | H24: =+'INDICAR CÓDIGO DEL ITEM DE PAGO'!O694 -> 233638.02 | I24: =+H24*G24 -> 1401828.1
D25: 2.07 | E25: Mantenimiento de canales en lamina galvanizada, incluye soportes de fijación y adecuación de desagüe | F25: ML | G25: =+'MEMORIAS DE CALCULO'!J64 -> 12 | H25: =+'INDICAR CÓDIGO DEL ITEM DE PAGO'!O770 -> 109247.94 | I25: =+H25*G25 -> 1310975.3
D26: 2.08 | E26: Pintura en esmalte verde y mantenimiento a friso a puestos de mercado | F26: UND | G26: =+'MEMORIAS DE CALCULO'!J68 -> 10 | H26: =+'INDICAR CÓDIGO DEL ITEM DE PAGO'!O848 -> 325346.54 | I26: =+H26*G26 -> 3253465.4
D27: 2.09 | E27: Pintura esmalte epoxica color blanca semibrillante | F27: M2 | G27: =+'MEMORIAS DE CALCULO'!J72 -> 75 | H27: =+'INDICAR CÓDIGO DEL ITEM DE PAGO'!O926 -> 72643.95 | I27: =+H27*G27 -> 5448296.2
D28: 2.1 | E28: Pintura vinilo blanco tipo 1 a dos manos | F28: M2 | G28: ='MEMORIAS DE CALCULO'!J76 -> 60 | H28: =+'INDICAR CÓDIGO DEL ITEM DE PAGO'!O1006 -> 39220.95 | I28: =+H28*G28 -> 2353257
D29: 2.11 | E29: Limpieza y mantenimiento de pisos en cerámica | F29: M2 | G29: ='MEMORIAS DE CALCULO'!J82 -> 95 | H29: =+'INDICAR CÓDIGO DEL ITEM DE PAGO'!O1084 -> 23894.97 | I29: =+H29*G29 -> 2270022.1
C30: 3 | D30: OBRA ELECTRICA | H30: Subtotal | I30: =SUM(I31:I36) -> 18669295
D31: 3.01 | E31: Suministro e instalación de acometida eléctrica trifásica en cable 3xNo 8 Cu-THHN + 1xN°8 Cu-THHN + 1 T No 10. Incluye cinta de colores, cinta aislante, amarres y los elementos necesarios para su correcta instalación. | F31: ML | G31: =+'MEMORIAS DE CALCULO'!J89 -> 60 | H31: =+'INDICAR CÓDIGO DEL ITEM DE PAGO'!O1161 -> 80619.08 | I31: =+H31*G31 -> 4837144.8
D32: 3.02 | E32: Suministro e instalación de empalme de derivación en gel de 2 a 2/0 | F32: UND | G32: =+'MEMORIAS DE CALCULO'!J93 -> 4 | H32: =+'INDICAR CÓDIGO DEL ITEM DE PAGO'!O1238 -> 165724.38 | I32: =+H32*G32 -> 662897.52
D33: 3.03 | E33: Mantenimiento de red eléctrica, balanceo de circuitos y cargas en tableros de distribución | F33: GLB | G33: =+'MEMORIAS DE CALCULO'!J97 -> 1 | H33: =+'INDICAR CÓDIGO DEL ITEM DE PAGO'!O1315 -> 1981940.4 | I33: =+H33*G33 -> 1981940.4
D34: 3.04 | E34: Suministro e instalación de acometida trifásica en cable 3xTHHN-THWN N°2 AWG + 1N N°2 AWG + (1T N°8), incluye cinta de colores, cinta aislante, amarres y los elementos necesarios para su correcta instalación. | F34: ML | G34: =+'MEMORIAS DE CALCULO'!J101 -> 25 | H34: =+'INDICAR CÓDIGO DEL ITEM DE PAGO'!O1392 -> 225937.62 | I34: =+H34*G34 -> 5648440.5
D35: 3.05 | E35: Suministro e instalación de tubería PVC SCH40 1 1/4", incluye tubo PVC, grapa, chazos, tornillos y todos los elementos necesarios para su correcta instalación. | F35: ML | G35: =+'MEMORIAS DE CALCULO'!J105 -> 60 | H35: =+'INDICAR CÓDIGO DEL ITEM DE PAGO'!O1469 -> 29250.45 | I35: =+H35*G35 -> 1755027
D36: 3.06 | E36: Mantenimiento correctivo a cuarto frio casa de mercado (revisión de compresor, reparación de fugas, soldadura, recarga de gas) limpieza técnica del evaporador y condensador, revisión de contactores y controlador de temperatura. | F36: GBL | G36: =+'MEMORIAS DE CALCULO'!J109 -> 1 | H36: =+'INDICAR CÓDIGO DEL ITEM DE PAGO'!O1546 -> 3783844.8 | I36: =+H36*G36 -> 3783844.8
C37: SUBTOTAL OBRAS | I37: =+I30+I18+I14 -> 60060324
C39: SUBTOTAL OBRAS (INCLUYE IVA) | I39: =+I37 -> 60060324
C41: VALOR TOTAL | I41: =+I39 -> 60060324
C45: NOTA 1: Se debe tener en cuenta que el PRECIO UNITARIO incluye el valor de A.I.U. | F45: DESCRIPCION | I45: PORCENTAJE
C46: NOTA 2: Cuando la fracción decimal del peso sea igual o superior a 5 se aproximara por exceso al número entero siguiente del peso y cuando la fracción decimal del peso sea inferior a 5 se aproximará por defecto al número entero del peso. | F46: ADMINISTRACION | H46: A= | I46: 0.29
C47: NOTA 3: El A.I.U y su discriminación deben estar en porcentaje (%). | F47: IMPREVISTO | H47: I= | I47: 0.01
F48: UTILIDAD | H48: U= | I48: 0.05
C49: ING. JAIRO ANDRES QUINTERO PEÑALOZA | F49: TOTAL A.I.U | H49: A.I.U.= | I49: =+I48+I47+I46 -> 0.35
C50: Secretario de Infraestructura y Obras Públicas

Sheet MEMORIAS DE CALCULO
B2: MEMORIAS DE CALCULO DE CANTIDADES
B3: MUNICIPIO BARICHARA, SANTANDER
B4: SECRETARIA DE INFRAESTRUCTURA Y OBRAS PÚBLICAS
B5: MEJORAMIENTO Y MANTENIMIENTO DE LAS INSTALACIONES DE LA PLAZA DE MERCADO DEL MUNICIPIO DE BARICHARA, SANTANDER
B6: MEMORIAS DE CALCULO DE CANTIDADES
B7: 2026
B10: ='PRESUPUESTO OFICIAL (Entidad)'!#REF! -> #REF!
B12: ='PRESUPUESTO OFICIAL (Entidad)'!C14 -> 1 | C12: =+'PRESUPUESTO OFICIAL (Entidad)'!D14 -> PRELIMINARES
E14: Cant. | F14: Largo / radio | G14: Ancho / Pi | H14: Alto / Espesor | I14: Area M2 | J14: Area total
B15: ='PRESUPUESTO OFICIAL (Entidad)'!D15 -> 1.01 | C15: ='PRESUPUESTO OFICIAL (Entidad)'!E15 -> Desmonte de cubierta de barro existente (incluye retiro de sobrantes) | I15: =ROUND(SUM(I16:I18),2) -> 24 | J15: =SUM(J16:J18) -> 24
C16: Área de cubierta sector verduras | E16: 1 | F16: 3 | G16: 4 | I16: =+G16*F16 -> 12 | J16: =+I16*E16 -> 12
C17: Área de baños | E17: 1 | F17: 6 | G17: 2 | I17: =+G17*F17 -> 12 | J17: =+I17*E17 -> 12
I18: =+G18*F18 -> 0 | J18: =+I18*E18 -> 0
E20: Cant. | F20: Largo / radio | G20: Ancho / Pi | H20: Alto / Espesor | I20: Area M2 | J20: Area total
B21: ='PRESUPUESTO OFICIAL (Entidad)'!D16 -> 1.02 | C21: ='PRESUPUESTO OFICIAL (Entidad)'!E16 -> Desmonte de estructura de cubierta en caña brava y madera rolliza (incluye retiro de sobrantes) | I21: =ROUND(SUM(I22:I24),2) -> 24 | J21: =SUM(J22:J24) -> 24
C22: Área de cubierta sector verduras | E22: 1 | F22: 3 | G22: 4 | I22: =+G22*F22 -> 12 | J22: =+I22*E22 -> 12
C23: Área de baños | E23: 1 | F23: 6 | G23: 2 | I23: =+G23*F23 -> 12 | J23: =+I23*E23 -> 12
I24: =+G24*F24 -> 0 | J24: =+I24*E24 -> 0
E26: Cant. | F26: Largo / radio | G26: Ancho / Pi | H26: Alto / Espesor | I26: Longitud | J26: Longitud total
B27: =+'PRESUPUESTO OFICIAL (Entidad)'!D17 -> 1.03 | C27: =+'PRESUPUESTO OFICIAL (Entidad)'!E17 -> Desinstalación de acometida eléctrica, conducción existente y desconexión de conectores (incluye retiro de sobrantes) | I27: =ROUND(SUM(I28:I30),2) -> 60 | J27: =SUM(J28:J30) -> 60
C28: Acometida electrica existente | E28: 1 | F28: 60 | I28: =+F28*E28 -> 60 | J28: =+I28*E28 -> 60
I29: =+G29*F29 -> 0 | J29: =+I29*E29 -> 0
B31: =+'PRESUPUESTO OFICIAL (Entidad)'!C18 -> 2 | C31: =+'PRESUPUESTO OFICIAL (Entidad)'!D18 -> OBRA CIVIL
E32: Cant. | F32: Largo / radio | G32: Ancho / Pi | H32: Alto / Espesor | I32: Area M2 | J32: Area total
B33: =+'PRESUPUESTO OFICIAL (Entidad)'!D19 -> 2.01 | C33: =+'PRESUPUESTO OFICIAL (Entidad)'!E19 -> Suministro e instalación de estructura de cubierta en caña brava y madera rolliza | I33: =+SUM(I34:I36) -> 24 | J33: =SUM(J34:J36) -> 24
C34: Área de cubierta sector verduras | E34: 1 | F34: 3 | G34: 4 | I34: =+G34*F34 -> 12 | J34: =+I34*E34 -> 12
C35: Área de baños | E35: 1 | F35: 6 | G35: 2 | I35: =+G35*F35 -> 12 | J35: =+I35*E35 -> 12
I36: =+G36*F36 -> 0 | J36: =+I36*E36 -> 0
E38: Cant. | F38: Largo / radio | G38: Ancho / Pi | H38: Alto / Espesor | I38: Area M2 | J38: Area total
B39: =+'PRESUPUESTO OFICIAL (Entidad)'!D20 -> 2.02 | C39: =+'PRESUPUESTO OFICIAL (Entidad)'!E20 -> Suministro e instalación de cubierta de teja de barro | I39: =ROUND(SUM(I40:I40),2) -> 12 | J39: =SUM(J40:J42) -> 24
C40: Área de cubierta sector verduras | E40: 1 | F40: 3 | G40: 4 | I40: =+G40*F40 -> 12 | J40: =+I40*E40 -> 12
C41: Área de baños | E41: 1 | F41: 6 | G41: 2 | I41: =+G41*F41 -> 12 | J41: =+I41*E41 -> 12
I42: =+G42*F42 -> 0 | J42: =+I42*E42 -> 0
E44: Cant. | F44: Largo / radio | G44: Ancho / Pi | H44: Alto / Espesor | I44: Area M2 | J44: Area total
B45: =+'PRESUPUESTO OFICIAL (Entidad)'!D21 -> 2.03 | C45: =+'PRESUPUESTO OFICIAL (Entidad)'!E21 -> Mantenimiento de cubierta de madera rolliza, caña y teja de barro | I45: =ROUND(SUM(I46:I46),2) -> 50 | J45: =SUM(J46:J46) -> 50
C46: Mantenimiento de cubierta de madera rolliza, caña y teja de barro | E46: 1 | F46: 50 | G46: 1 | I46: =+G46*F46 -> 50 | J46: =+I46*E46 -> 50
E48: Cant. | F48: Largo / radio | G48: Ancho / Pi | H48: Alto / Espesor | I48: Area M2 | J48: Area total
B49: =+'PRESUPUESTO OFICIAL (Entidad)'!D22 -> 2.04 | C49: =+'PRESUPUESTO OFICIAL (Entidad)'!E22 -> Relleno y resane de muros en concreto dilatados | I49: =ROUND(SUM(I50:I50),2) -> 12 | J49: =SUM(J50:J52) -> 12
C50: Relleno y resane de grietas en muro junto a casa campesina | E50: 1 | F50: 12 | G50: 1 | I50: =+G50*F50 -> 12 | J50: =+I50*E50 -> 12
I51: =+G51*F51 -> 0 | J51: =+I51*E51 -> 0
E53: Cant. | F53: Largo / radio | G53: Ancho / Pi | H53: Alto / Espesor | I53: Area M2 | J53: Area total
B54: =+'PRESUPUESTO OFICIAL (Entidad)'!D23 -> 2.05 | C54: =+'PRESUPUESTO OFICIAL (Entidad)'!E23 -> Pintura vinilo blanco tipo 1 a dos manos - Pañete de techo | I54: =ROUND(SUM(I55:I55),2) -> 12 | J54: =SUM(J55:J57) -> 24
C55: Área de cubierta sector verduras | E55: 1 | F55: 3 | G55: 4 | I55: =+G55*F55 -> 12 | J55: =+I55*E55 -> 12
C56: Área de baños | E56: 1 | F56: 6 | G56: 2 | I56: =+G56*F56 -> 12 | J56: =+I56*E56 -> 12
E59: Cant. | F59: Largo / radio | G59: Ancho / Pi | H59: Alto / Espesor | I59: Longitud | J59: Longitud total
B60: =+'PRESUPUESTO OFICIAL (Entidad)'!D24 -> 2.06 | C60: =+'PRESUPUESTO OFICIAL (Entidad)'!E24 -> Suministro e instalación de canal en lámina galvanizada cal.20. Incluye soportes de fijación y desagüe, pintura color verde | I60: =ROUND(SUM(I61:I61),2) -> 6 | J60: =SUM(J61:J61) -> 6
C61: Area sobre sector de verdureras | E61: 1 | F61: 6 | G61: 1 | I61: =+G61*F61 -> 6 | J61: =+I61 -> 6
E63: Cant. | F63: Largo / radio | G63: Ancho / Pi | H63: Alto / Espesor | I63: Longitud | J63: Longitud total
B64: =+'PRESUPUESTO OFICIAL (Entidad)'!D25 -> 2.07 | C64: =+'PRESUPUESTO OFICIAL (Entidad)'!E25 -> Mantenimiento de canales en lamina galvanizada, incluye soportes de fijación y adecuación de desagüe | I64: =ROUND(SUM(I65:I65),2) -> 12 | J64: =SUM(J65:J65) -> 12
C65: Area sobre sector de verdureras | E65: 1 | F65: 12 | G65: 1 | I65: =+G65*F65 -> 12 | J65: =+I65 -> 12
E67: Cant. | F67: Largo / radio | G67: Ancho / Pi | H67: Alto / Espesor | I67: Cnt. | J67: Cnt. Total
B68: =+'PRESUPUESTO OFICIAL (Entidad)'!D26 -> 2.08 | C68: =+'PRESUPUESTO OFICIAL (Entidad)'!E26 -> Pintura en esmalte verde y mantenimiento a friso a puestos de mercado | I68: =ROUND(SUM(I69:I69),2) -> 1 | J68: =SUM(J69:J69) -> 10
C69: Puestos de mercado verduras | E69: 10 | F69: 1 | G69: 1 | I69: =+G69*F69 -> 1 | J69: =+I69*E69 -> 10
E71: Cant. | F71: Largo / radio | G71: Ancho / Pi | H71: Alto / Espesor | I71: Area M2 | J71: Area total
B72: =+'PRESUPUESTO OFICIAL (Entidad)'!D27 -> 2.09 | C72: =+'PRESUPUESTO OFICIAL (Entidad)'!E27 -> Pintura esmalte epoxica color blanca semibrillante | I72: =ROUND(SUM(I73:I73),2) -> 75 | J72: =SUM(J73:J73) -> 75
C73: Pintura Epoxica Blanca + Catalizador, seccion carnes | E73: 1 | F73: 25 | G73: 3 | I73: =+G73*F73 -> 75 | J73: =+I73*E73 -> 75
E75: Cant. | F75: Largo / radio | G75: Ancho / Pi | H75: Alto / Espesor | I75: Area M2 | J75: Area total
B76: =+'PRESUPUESTO OFICIAL (Entidad)'!D28 -> 2.1 | C76: =+'PRESUPUESTO OFICIAL (Entidad)'!E28 -> Pintura vinilo blanco tipo 1 a dos manos | I76: =ROUND(SUM(I77:I77),2) -> 60 | J76: =SUM(J77:J79) -> 60
C77: Área verduras | E77: 1 | F77: 20 | G77: 3 | I77: =+G77*F77 -> 60 | J77: =+I77*E77 -> 60
J78: =+I78*E78 -> 0
J79: =+I79*E79 -> 0
E81: Cant. | F81: Largo / radio | G81: Ancho / Pi | H81: Alto / Espesor | I81: Area M2 | J81: Area total
B82: =+'PRESUPUESTO OFICIAL (Entidad)'!D29 -> 2.11 | C82: =+'PRESUPUESTO OFICIAL (Entidad)'!E29 -> Limpieza y mantenimiento de pisos en cerámica | I82: =ROUND(SUM(I83:I84),2) -> 95 | J82: =SUM(J83:J84) -> 95
C83: Pisos en cerámica sección verduras | E83: 1 | F83: 9 | G83: 5 | I83: =+G83*F83 -> 45 | J83: =+I83*E83 -> 45
C84: Pisos en cerámica sección carnes | E84: 1 | F84: 10 | G84: 5 | I84: =+G84*F84 -> 50 | J84: =+I84*E84 -> 50
B87: 3 | C87: OBRA ELECTRICA
E88: Cant. | F88: Largo / radio | G88: Ancho / Pi | H88: Alto / Espesor | I88: Unidad | J88: Unidad Total
B89: =+'PRESUPUESTO OFICIAL (Entidad)'!D31 -> 3.01 | C89: =+'PRESUPUESTO OFICIAL (Entidad)'!E31 -> Suministro e instalación de acometida eléctrica trifásica en cable 3xNo 8 Cu-THHN + 1xN°8 Cu-THHN + 1 T No 10. Incluye cinta de colores, cinta aislante, amarres y los elementos necesarios para su correcta instalación. | I89: =+I90 -> 60 | J89: =+J90 -> 60 | M89: Suministro e instalación de acometida eléctrica en cable 3xNo 2 Cu-THHN + 1xN°2 Cu-THHN + 1No 8
C90: Acometida electrica a cuarto frío | E90: 1 | F90: 60 | G90: 1 | I90: =+F90*E90 -> 60 | J90: =+I90 -> 60 | M90: Suministro e instalación de empalme de derivación en gel de 2 a 2/0
M91: Mantenimiento de red eléctrica, balanceo de circuitos y cargas en tableros de distribución
E92: Cant. | F92: Largo / radio | G92: Ancho / Pi | H92: Alto / Espesor | I92: Unidad | J92: Unidad Total
B93: =+'PRESUPUESTO OFICIAL (Entidad)'!D32 -> 3.02 | C93: =+'PRESUPUESTO OFICIAL (Entidad)'!E32 -> Suministro e instalación de empalme de derivación en gel de 2 a 2/0 | I93: =+I94 -> 4 | J93: =+J94 -> 4
C94: Conexión de empalme de derivación en gel | E94: 1 | F94: 4 | G94: 1 | I94: =+F94*E94 -> 4 | J94: =+I94 -> 4
E96: Cant. | F96: Largo / radio | G96: Ancho / Pi | H96: Alto / Espesor | I96: Unidad | J96: Unidad Total
B97: =+'PRESUPUESTO OFICIAL (Entidad)'!D33 -> 3.03 | C97: =+'PRESUPUESTO OFICIAL (Entidad)'!E33 -> Mantenimiento de red eléctrica, balanceo de circuitos y cargas en tableros de distribución | I97: =+I98 -> 1 | J97: =+J98 -> 1
C98: Mantenimiento de red y balance de cargas | E98: 1 | F98: 1 | G98: 1 | I98: =+F98*E98 -> 1 | J98: =+I98 -> 1
M99: Mantenimiento de red eléctrica, balanceo de circuitos y cargas en tableros de distribución
E100: Cant. | F100: Largo / radio | G100: Ancho / Pi | H100: Alto / Espesor | I100: Unidad | J100: Unidad Total
B101: =+'PRESUPUESTO OFICIAL (Entidad)'!D34 -> 3.04 | C101: =+'PRESUPUESTO OFICIAL (Entidad)'!E34 -> Suministro e instalación de acometida trifásica en cable 3xTHHN-THWN N°2 AWG + 1N N°2 AWG + (1T N°8), incluye cinta de colores, cinta aislante, amarres y los elementos necesarios para su correcta instalación. | I101: =+I102 -> 25 | J101: =+J102 -> 25
C102: Acometida electrica a tablero general | E102: 1 | F102: 25 | G102: 1 | I102: =+F102*E102 -> 25 | J102: =+I102 -> 25
E104: Cant. | F104: Largo / radio | G104: Ancho / Pi | H104: Alto / Espesor | I104: Unidad | J104: Unidad Total
B105: =+'PRESUPUESTO OFICIAL (Entidad)'!D35 -> 3.05 | C105: =+'PRESUPUESTO OFICIAL (Entidad)'!E35 -> Suministro e instalación de tubería PVC SCH40 1 1/4", incluye tubo PVC, grapa, chazos, tornillos y todos los elementos necesarios para su correcta instalación. | I105: =+I106 -> 60 | J105: =+J106 -> 60
C106: Tuberia acometida | E106: 1 | F106: 60 | G106: 1 | I106: =+F106*E106 -> 60 | J106: =+I106 -> 60
E108: Cant. | F108: Largo / radio | G108: Ancho / Pi | H108: Alto / Espesor | I108: Unidad | J108: Unidad Total
B109: =+'PRESUPUESTO OFICIAL (Entidad)'!D36 -> 3.06 | C109: =+'PRESUPUESTO OFICIAL (Entidad)'!E36 -> Mantenimiento correctivo a cuarto frio casa de mercado (revisión de compresor, reparación de fugas, soldadura, recarga de gas) limpieza técnica del evaporador y condensador, revisión de contactores y controlador de temperatura. | I109: =+I110 -> 1 | J109: =+J110 -> 1
C110: Mantenimiento a cuarto frío | E110: 1 | F110: 1 | G110: 1 | I110: =+F110*E110 -> 1 | J110: =+I110 -> 1
C112: ________________________________________
C113: ING. JAIRO ANDRES QUINTERO PEÑALOZA
C114: secretario de infraestructura y obras publicas

Sheet INDICAR CÓDIGO DEL ITEM DE PAGO
E6: MUNICIPIO DE BARICHARA
L7: VERSIÓN
L9: PÁGINA | M9: 1 | N9: DE | O9: 18
E11: ANALISIS DE PRECIOS UNITARIOS
L13: FECHA | M13: DD | N13: MM | O13: AA
M14: 6 | N14: 2 | O14: 2026
C18: DATOS ESPECÍFICOS
C20: ITEM | D20: DESCRIPCIÓN | M20: UNIDAD | O20: CANTIDAD
C21: =+'PRESUPUESTO OFICIAL (Entidad)'!D15 -> 1.01 | D21: =+'PRESUPUESTO OFICIAL (Entidad)'!E15 -> Desmonte de cubierta de barro existente (incluye retiro de sobrantes) | M21: =+VLOOKUP(C21,'PRESUPUESTO OFICIAL (Entidad)'!D$14:H$33,3,0) -> M2 | O21: =+VLOOKUP(C21,'PRESUPUESTO OFICIAL (Entidad)'!D$14:H$33,4,0) -> 24
C22: I. EQUIPO
C25: DESCRIPCIÓN | H25: MARCA | J25: TIPO | L25: TARIFA/HORA | M25: RENDIMIENTO | O25: Vr. UNITARIO
C26: HERRAMIENTA MENOR | J26: % | L26: =+O54 -> 31256.47 | M26: 0.02 | O26: =+ROUND(L26*M26,2) -> 625.13
C27: ANDAMIOS | J27: METALICO | L27: 13000 | M27: 0.1 | O27: =+ROUND(L27*M27,2) -> 1300
C29: SUBTOTAL $ | O29: =SUM(O26:O28) -> 1925.13
C30: II. MATERIALES
C33: DESCRIPCIÓN | K33: UNIDAD | L33: CANTIDAD | M33: PRECIO UNIT. | O33: Vr. UNITARIO
C38: SUBTOTAL $ | O38: =SUM(O34:O37) -> 0
C39: III. TRANSPORTES
C42: MATERIAL | J42: VOL. o PESO | K42: DISTANCIA | L42: M3 o Ton/Km | M42: TARIFA | O42: Vr. UNITARIO
C43: TRANSPORTE MATERIAL | J43: 0.1 | K43: 22 | L43: M3 / Km | M43: =+S43 -> 1560 | O43: =+M43*K43*J43 -> 3432 | S43: 1560
C45: SUBTOTAL $ | O45: =SUM(O43:O44) -> 3432
C46: IV. MANO DE OBRA
C49: TRABAJADOR | J49: JORNAL | K49: PRESTACIONES | L49: JORNAL TOTAL | M49: RENDIMIENTO | O49: Vr. UNITARIO
C50: M.O. OFICIAL + 2 AYUDANTES | J50: =+R50 -> 295200 | K50: 1.8 | L50: =ROUND(K50*J50,2) -> 531360 | M50: 17 | O50: =+ROUND(L50/M50,2) -> 31256.47 | R50: 295200
C54: SUBTOTAL $ | O54: =SUM(O50:O53) -> 31256.47
C56: TOTAL COSTO DIRECTO $ | O56: =ROUND(O54+O45+O38+O29,2) -> 36613.6
C57: V. COSTOS INDIRECTOS
C60: Descripción | L60: Porcentaje | M60: Valor Total
C61: ADMINISTRACION | L61: 0.29 | M61: =+ROUND(O56*L61,2) -> 10617.94
C62: IMPREVISTOS | L62: 0.01 | M62: =+ROUND(O56*L62,2) -> 366.14
C63: UTILIDAD | L63: 0.05 | M63: =+ROUND(O56*L63,2) -> 1830.68
C64: SUBTOTAL $ | O64: =SUM(M61:N63) -> 12814.76
C66: Precio Unitario Total Aproximado al peso $ | O66: =+O64+O56 -> 49428.36
H70: Elaboro
H73: ________________________________________________
H74: ING. JAIRO ANDRES QUINTERO PEÑALOZA
H75: Secretario de Infraestructura y Obras Públicas
E84: MUNICIPIO DE BARICHARA
L85: VERSIÓN
L87: PÁGINA | M87: 2 | N87: DE | O87: 18
E89: ANALISIS DE PRECIOS UNITARIOS
L91: FECHA | M91: DD | N91: MM | O91: AA
M92: 6 | N92: 2 | O92: 2026
C96: DATOS ESPECÍFICOS
C98: ITEM | D98: DESCRIPCIÓN | M98: UNIDAD | O98: CANTIDAD
C99: =+'PRESUPUESTO OFICIAL (Entidad)'!D16 -> 1.02 | D99: =+VLOOKUP(C99,'PRESUPUESTO OFICIAL (Entidad)'!D$14:H$33,2,0) -> Desmonte de estructura de cubierta en caña brava y madera rolliza (incluye retiro de sobrantes) | M99: =+VLOOKUP(C99,'PRESUPUESTO OFICIAL (Entidad)'!D$14:H$33,3,0) -> M2 | O99: =+VLOOKUP(C99,'PRESUPUESTO OFICIAL (Entidad)'!D$14:H$33,4,0) -> 24
C100: I. EQUIPO
C103: DESCRIPCIÓN | H103: MARCA | J103: TIPO | L103: TARIFA/HORA | M103: RENDIMIENTO | O103: Vr. UNITARIO
C104: HERRAMIENTA MENOR | J104: % | L104: =+O132 -> 44280 | M104: 0.02 | O104: =+ROUND(L104*M104,2) -> 885.6
C105: ANDAMIOS | J105: METALICO | L105: 13000 | M105: 0.1 | O105: =+ROUND(L105*M105,2) -> 1300
C107: SUBTOTAL $ | O107: =SUM(O104:O106) -> 2185.6
C108: II. MATERIALES
C111: DESCRIPCIÓN | K111: UNIDAD | L111: CANTIDAD | M111: PRECIO UNIT. | O111: Vr. UNITARIO
C116: SUBTOTAL $ | O116: =SUM(O112:O115) -> 0
C117: III. TRANSPORTES
C120: MATERIAL | J120: VOL. o PESO | K120: DISTANCIA | L120: M3 o Ton/Km | M120: TARIFA | O120: Vr. UNITARIO
C121: TRANSPORTE MATERIAL | J121: 0.15 | K121: 22 | L121: M3 / Km | M121: =+S121 -> 1560 | O121: =+M121*K121*J121 -> 5148 | S121: 1560
C123: SUBTOTAL $ | O123: =SUM(O121:O122) -> 5148
C124: IV. MANO DE OBRA
C127: TRABAJADOR | J127: JORNAL | K127: PRESTACIONES | L127: JORNAL TOTAL | M127: RENDIMIENTO | O127: Vr. UNITARIO
C128: M.O. OFICIAL + 2 AYUDANTES | J128: =+R128 -> 295200 | K128: 1.8 | L128: =ROUND(K128*J128,2) -> 531360 | M128: 12 | O128: =+ROUND(L128/M128,2) -> 44280 | R128: 295200
C132: SUBTOTAL $ | O132: =SUM(O128:O131) -> 44280
C134: TOTAL COSTO DIRECTO $ | O134: =ROUND(O132+O123+O116+O107,2) -> 51613.6
C135: V. COSTOS INDIRECTOS
C138: Descripción | L138: Porcentaje | M138: Valor Total
C139: ADMINISTRACION | L139: 0.29 | M139: =+ROUND(O134*L139,2) -> 14967.94
C140: IMPREVISTOS | L140: 0.01 | M140: =+ROUND(O134*L140,2) -> 516.14
C141: UTILIDAD | L141: 0.05 | M141: =+ROUND(O134*L141,2) -> 2580.68
C142: SUBTOTAL $ | O142: =SUM(M139:N141) -> 18064.76
C144: Precio Unitario Total Aproximado al peso $ | O144: =+O142+O134 -> 69678.36
H148: Elaboro
H151: ________________________________________________
H152: ING. JAIRO ANDRES QUINTERO PEÑALOZA
H153: Secretario de Infraestructura y Obras Públicas
E162: MUNICIPIO DE BARICHARA
L163: VERSIÓN
L165: PÁGINA | M165: 3 | N165: DE | O165: 18
E167: ANALISIS DE PRECIOS UNITARIOS
L169: FECHA | M169: DD | N169: MM | O169: AA
M170: 6 | N170: 2 | O170: 2026
C174: DATOS ESPECÍFICOS
C176: ITEM | D176: DESCRIPCIÓN | M176: UNIDAD | O176: CANTIDAD
C177: =+'PRESUPUESTO OFICIAL (Entidad)'!D17 -> 1.03 | D177: =+VLOOKUP(C177,'PRESUPUESTO OFICIAL (Entidad)'!D$14:H$33,2,0) -> Desinstalación de acometida eléctrica, conducción existente y desconexión de conectores (incluye retiro de sobrantes) | M177: =+VLOOKUP(C177,'PRESUPUESTO OFICIAL (Entidad)'!D$14:H$33,3,0) -> ML | O177: =+VLOOKUP(C177,'PRESUPUESTO OFICIAL (Entidad)'!D$14:H$33,4,0) -> 60
C178: I. EQUIPO
C181: DESCRIPCIÓN | H181: MARCA | J181: TIPO | L181: TARIFA/HORA | M181: RENDIMIENTO | O181: Vr. UNITARIO
C182: HERRAMIENTA MENOR | J182: % | L182: =+O210 -> 8856 | M182: 0.02 | O182: =+ROUND(L182*M182,2) -> 177.12
C185: SUBTOTAL $ | O185: =SUM(O182:O184) -> 177.12
C186: II. MATERIALES
C189: DESCRIPCIÓN | K189: UNIDAD | L189: CANTIDAD | M189: PRECIO UNIT. | O189: Vr. UNITARIO
C194: SUBTOTAL $ | O194: =SUM(O190:O193) -> 0
C195: III. TRANSPORTES
C198: MATERIAL | J198: VOL. o PESO | K198: DISTANCIA | L198: M3 o Ton/Km | M198: TARIFA | O198: Vr. UNITARIO
C199: TRANSPORTE MATERIAL | J199: 0.15 | K199: 22 | L199: M3 / Km | M199: =+S199 -> 1560 | O199: =+M199*K199*J199 -> 5148 | S199: 1560
C201: SUBTOTAL $ | O201: =SUM(O199:O200) -> 5148
C202: IV. MANO DE OBRA
C205: TRABAJADOR | J205: JORNAL | K205: PRESTACIONES | L205: JORNAL TOTAL | M205: RENDIMIENTO | O205: Vr. UNITARIO
C206: M.O. OFICIAL + 2 AYUDANTES | J206: =+R206 -> 295200 | K206: 1.8 | L206: =ROUND(K206*J206,2) -> 531360 | M206: 60 | O206: =+ROUND(L206/M206,2) -> 8856 | R206: 295200
C210: SUBTOTAL $ | O210: =SUM(O206:O209) -> 8856
C212: TOTAL COSTO DIRECTO $ | O212: =ROUND(O210+O201+O194+O185,2) -> 14181.12
C213: V. COSTOS INDIRECTOS
...

Sheet PROPUESTA ECONOMICA(Proponente)
C7: FORMULARIO 1
C8: PROPUESTA ECONOMICA
C9: [La entidad puede utilizar este formulario de detalle del presupuesto oficial para determinar las condiciones bajo las cuales los proponentes analizarán y presentarán su propuesta económica de forma detallada, sin perjuicio que la entidad pueda modificarlo o establecer la presentación de la oferta económica con un formulario distinto al indicado.]
C11: Adicionalmente, cuando el proceso de contratación es estructurado por precios unitarios, la Entidad debe aplicar las notas 1, 2 y 3 del presente formulario y las casillas de "Descripción", "Porcentaje" de la Administración, Imprevisto, Utilidad y total A.I.U. resaltadas en colo amarillo. Tratándose de otras modalidades de precio, la Entidad puede o no configurar los mismos aspectos.
C12: Nº | D12: ITEM DE PAGO | E12: DESCRIPCION | F12: UND. | G12: CANTIDAD | H12: VALOR UNITARIO | I12: VALOR TOTAL
C14: 1 | D14: PRELIMINARES | H14: Subtotal | I14: =SUM(I15:I17) -> 0
D15: 1.01 | E15: Desmonte de cubierta de barro existente (incluye retiro de sobrantes) | F15: M2 | G15: =+'MEMORIAS DE CALCULO'!J15 -> 24
D16: 1.02 | E16: Desmonte de estructura de cubierta en caña brava y madera rolliza (incluye retiro de sobrantes) | F16: M2 | G16: =+'MEMORIAS DE CALCULO'!J21 -> 24
D17: 1.03 | E17: Desinstalación de acometida eléctrica, conducción existente y desconexión de conectores (incluye retiro de sobrantes) | F17: ML | G17: =+'MEMORIAS DE CALCULO'!J27 -> 60
C18: 2 | D18: OBRA CIVIL | H18: Subtotal | I18: =SUM(I19:I29) -> 0
D19: 2.01 | E19: Suministro e instalación de estructura de cubierta en caña brava y madera rolliza | F19: M2 | G19: =+'MEMORIAS DE CALCULO'!J33 -> 24
D20: 2.02 | E20: Suministro e instalación de cubierta de teja de barro | F20: M2 | G20: =+'MEMORIAS DE CALCULO'!J39 -> 24
D21: 2.03 | E21: Mantenimiento de cubierta de madera rolliza, caña y teja de barro | F21: UND | G21: =+'MEMORIAS DE CALCULO'!J45 -> 50
D22: 2.04 | E22: Relleno y resane de muros en concreto dilatados | F22: ML | G22: =+'MEMORIAS DE CALCULO'!J49 -> 12
D23: 2.05 | E23: Pintura vinilo blanco tipo 1 a dos manos - Pañete de techo | F23: M2 | G23: =+'MEMORIAS DE CALCULO'!J54 -> 24
D24: 2.06 | E24: Suministro e instalación de canal en lámina galvanizada cal.20. Incluye soportes de fijación y desagüe, pintura color verde | F24: ML | G24: =+'MEMORIAS DE CALCULO'!J60 -> 6
D25: 2.07 | E25: Mantenimiento de canales en lamina galvanizada, incluye soportes de fijación y adecuación de desagüe | F25: ML | G25: =+'MEMORIAS DE CALCULO'!J64 -> 12
D26: 2.08 | E26: Pintura en esmalte verde y mantenimiento a friso a puestos de mercado | F26: UND | G26: =+'MEMORIAS DE CALCULO'!J68 -> 10
D27: 2.09 | E27: Pintura esmalte epoxica color blanca semibrillante | F27: M2 | G27: =+'MEMORIAS DE CALCULO'!J72 -> 75
D28: 2.1 | E28: Pintura vinilo blanco tipo 1 a dos manos | F28: M2 | G28: ='MEMORIAS DE CALCULO'!J76 -> 60
D29: 2.11 | E29: Limpieza y mantenimiento de pisos en cerámica | F29: M2 | G29: ='MEMORIAS DE CALCULO'!J82 -> 95
C30: 3 | D30: OBRA ELECTRICA | H30: Subtotal | I30: =SUM(I31:I36) -> 0
D31: 3.01 | E31: Suministro e instalación de acometida eléctrica trifásica en cable 3xNo 8 Cu-THHN + 1xN°8 Cu-THHN + 1 T No 10. Incluye cinta de colores, cinta aislante, amarres y los elementos necesarios para su correcta instalación. | F31: ML | G31: =+'MEMORIAS DE CALCULO'!J89 -> 60
D32: 3.02 | E32: Suministro e instalación de empalme de derivación en gel de 2 a 2/0 | F32: UND | G32: =+'MEMORIAS DE CALCULO'!J93 -> 4
D33: 3.03 | E33: Mantenimiento de red eléctrica, balanceo de circuitos y cargas en tableros de distribución | F33: GLB | G33: =+'MEMORIAS DE CALCULO'!J97 -> 1
D34: 3.04 | E34: Suministro e instalación de acometida trifásica en cable 3xTHHN-THWN N°2 AWG + 1N N°2 AWG + (1T N°8), incluye cinta de colores, cinta aislante, amarres y los elementos necesarios para su correcta instalación. | F34: ML | G34: =+'MEMORIAS DE CALCULO'!J101 -> 25
D35: 3.05 | E35: Suministro e instalación de tubería PVC SCH40 1 1/4", incluye tubo PVC, grapa, chazos, tornillos y todos los elementos necesarios para su correcta instalación. | F35: ML | G35: =+'MEMORIAS DE CALCULO'!J105 -> 60
D36: 3.06 | E36: Mantenimiento correctivo a cuarto frio casa de mercado (revisión de compresor, reparación de fugas, soldadura, recarga de gas) limpieza técnica del evaporador y condensador, revisión de contactores y controlador de temperatura. | F36: GBL | G36: =+'MEMORIAS DE CALCULO'!J109 -> 1
C37: SUBTOTAL OBRAS | I37: =+I30+I18+I14 -> 0
C39: SUBTOTAL OBRAS (INCLUYE IVA) | I39: 0
C41: VALOR TOTAL | I41: =+I39 -> 0
C45: NOTA 1: Se debe tener en cuenta que el PRECIO UNITARIO incluye el valor de A.I.U. | F45: DESCRIPCION | I45: PORCENTAJE
C46: NOTA 2: Cuando la fracción decimal del peso sea igual o superior a 5 se aproximara por exceso al número entero siguiente del peso y cuando la fracción decimal del peso sea inferior a 5 se aproximará por defecto al número entero del peso. | F46: ADMINISTRACION | H46: A= | I46: 0.29
C47: NOTA 3: El A.I.U y su discriminación deben estar en porcentaje (%). | F47: IMPREVISTO | H47: I= | I47: 0.01
F48: UTILIDAD | H48: U= | I48: 0.05
C49: ING. JAIRO ANDRES QUINTERO PEÑALOZA | F49: TOTAL A.I.U | H49: A.I.U.= | I49: =+I48+I47+I46 -> 0.35
C50: Secretario de Infraestructura y Obras Públicas
